TOP OF THE 1ST |
Houston Colt .45's batting - Pitching for Portland Angels : RHP Hector Carrizales
|
Pitching: RHP Hector Carrizales
|
|
Batting: LHB Lou Toth
|
0-0: Ball 1-0: Ball 2-0: Ball 3-0: Base on Balls
|
Batting: LHB Bob Dietz
|
0-0: Fielders Choice at 2nd, 5-4 (Groundball, 5, EV 104.4 MPH)
|
Batting: RHB Juan Mendoza
|
0-0: Ball 1-0: Called Strike 1-1: Ball 2-1: Ball 3-1: Called Strike 3-2: SINGLE (Flyball, 5D, EV 91.9 MPH) Bob Dietz to second Bob Dietz to third
|
Batting: RHB Sean Mounts
|
0-0: Foul Ball, location: 2F 0-1: Foul Ball, location: 2F 0-2: Ball 1-2: Strikes out swinging
|
Batting: LHB Jackson Trottier
|
0-0: Called Strike 0-1: Ball 1-1: Ball 2-1: Ground out 1-3 (Groundball, P, EV 68.8 MPH)
|
Top of the 1st over - 0 runs, 1 hit, 0 errors, 2 left on base; Houston 0 - Portland 0 |
BOTTOM OF THE 1ST |
Portland Angels batting - Pitching for Houston Colt .45's : RHP Greg Otto
|
Pitching: RHP Greg Otto
|
|
Batting: RHB Dan Burkhart
|
0-0: SINGLE (Groundball, 56D, EV 108.1 MPH)
|
Batting: RHB Edward Hillock
|
0-0: Called Strike 0-1: Fly out, F9 (Flyball, 89S, EV 83.8 MPH)
|
Batting: LHB Mario Anguiano
|
0-0: Ball 1-0: Foul Ball, location: 2F 1-1: Foul Ball, location: 2F 1-2: Foul Ball, location: 2F 1-2: Strikes out swinging
|
Batting: RHB Juan Rosa
|
0-0: Ball 1-0: Foul Ball, location: 2F 1-1: Called Strike 1-2: Ball 2-2: Ball 3-2: Foul Ball, location: 2F 3-2: Ground out 5-3 (Groundball, 56, EV 102.5 MPH)
|
Bottom of the 1st over - 0 runs, 1 hit, 0 errors, 1 left on base; Houston 0 - Portland 0 |
TOP OF THE 2ND |
Houston Colt .45's batting - Pitching for Portland Angels : RHP Hector Carrizales
|
Batting: RHB To-wai Chen
|
0-0: SINGLE (Groundball, 6MD, EV 95.6 MPH)
|
Batting: RHB Keith Goodwin
|
0-0: Called Strike 0-1: Ball 1-1: Ball 2-1: Ball 3-1: Foul Ball, location: 2F 3-2: Fly out, F9 (Flyball, 9D, EV 95.6 MPH)
|
Batting: RHB Gabe Allen
|
0-0: Called Strike 0-1: Ball 1-1: Swinging Strike 1-2: Foul Ball, location: 2F 1-2: Strikes out looking
|
Batting: SHB Miguel Sierra
|
0-0: Ball 1-0: Ball 2-0: SINGLE (Groundball, 6MD, EV 98.8 MPH) To-wai Chen to second
|
Batting: LHB Lou Toth
|
0-0: Called Strike 0-1: Fly out, F8 (Flyball, 8LXD, EV 102.5 MPH)
|
Top of the 2nd over - 0 runs, 2 hits, 0 errors, 2 left on base; Houston 0 - Portland 0 |
BOTTOM OF THE 2ND |
Portland Angels batting - Pitching for Houston Colt .45's : RHP Greg Otto
|
Batting: LHB Spencer Palmer
|
0-0: Foul Ball, location: 2F 0-1: Ground out 6-3 (Groundball, 6, EV 85.6 MPH)
|
Batting: LHB Griffin Ferris
|
0-0: Ball 1-0: Called Strike 1-1: Ball 2-1: Ground out 4-3 (Groundball, 4, EV 86.9 MPH)
|
Batting: RHB Dean LeCroy
|
0-0: Called Strike 0-1: Ball 1-1: Fly out, F9 (Line Drive, 9, EV 91.9 MPH)
|
Bottom of the 2nd over - 0 runs, 0 hits, 0 errors, 0 left on base; Houston 0 - Portland 0 |
TOP OF THE 3RD |
Houston Colt .45's batting - Pitching for Portland Angels : RHP Hector Carrizales
|
Batting: LHB Bob Dietz
|
0-0: Ball 1-0: Fly out, F7 (Flyball, 7D, EV 103.1 MPH)
|
Batting: RHB Juan Mendoza
|
0-0: Ball 1-0: Ground out 5-3 (Groundball, 56, EV 108.8 MPH)
|
Batting: RHB Sean Mounts
|
0-0: Called Strike 0-1: Ball 1-1: SINGLE (Groundball, 6MD, EV 108.1 MPH)
|
Batting: LHB Jackson Trottier
|
0-0: Called Strike 0-1: SINGLE (Line Drive, 56, EV 101.3 MPH) Sean Mounts to second
|
Batting: RHB To-wai Chen
|
0-0: Fly out, F9 (Flyball, 9S, EV 76.3 MPH)
|
Top of the 3rd over - 0 runs, 2 hits, 0 errors, 2 left on base; Houston 0 - Portland 0 |
BOTTOM OF THE 3RD |
Portland Angels batting - Pitching for Houston Colt .45's : RHP Greg Otto
|
Batting: LHB Mark Reeg
|
0-0: Fly out, F7 (Flyball, 7, EV 89.4 MPH)
|
Batting: SHB Danny Gelinas
|
0-0: Ball 1-0: Fly out, F9 (Line Drive, 9, EV 91.9 MPH)
|
Batting: RHB Dan Burkhart
|
0-0: Ball 1-0: Ball 2-0: Ball 3-0: Base on Balls
|
Batting: RHB Edward Hillock
|
0-0: Called Strike 0-1: Called Strike 0-2: Ball Dan Burkhart is caught stealing 2nd base 2-4
|
Bottom of the 3rd over - 0 runs, 0 hits, 0 errors, 0 left on base; Houston 0 - Portland 0 |
TOP OF THE 4TH |
Houston Colt .45's batting - Pitching for Portland Angels : RHP Hector Carrizales
|
Batting: RHB Keith Goodwin
|
0-0: Ball 1-0: Foul Ball, location: 2F 1-1: SINGLE (Line Drive, 9S, EV 87.5 MPH)
|
Batting: RHB Gabe Allen
|
0-0: Called Strike 0-1: Swinging Strike 0-2: Ball 1-2: Strikes out looking
|
Batting: SHB Miguel Sierra
|
0-0: Called Strike 0-1: SINGLE (Groundball, 4MD, EV 106.9 MPH) Keith Goodwin to second Runner from 2nd tries for 3rd, SAFE, throw by CF made to third Miguel Sierra to second
|
Batting: LHB Lou Toth
|
0-0: Ball 1-0: Ball 2-0: Ball 3-0: Called Strike 3-1: Foul Ball, location: 2F 3-2: Foul Ball, location: 2F 3-2: Strikes out swinging
|
Batting: LHB Bob Dietz
|
0-0: Ball 1-0: SINGLE (Groundball, 4MD, EV 99.4 MPH) Keith Goodwin scores Miguel Sierra to third Runner from 3rd tries for Home, SAFE, throw by CF to home
|
Batting: RHB Juan Mendoza
|
0-0: Called Strike 0-1: Called Strike 0-2: Ball 1-2: Fly out, F7 (Flyball, 78D, EV 95.6 MPH)
|
Top of the 4th over - 2 runs, 3 hits, 0 errors, 1 left on base; Houston 2 - Portland 0 |
BOTTOM OF THE 4TH |
Portland Angels batting - Pitching for Houston Colt .45's : RHP Greg Otto
|
Batting: RHB Edward Hillock
|
0-0: Called Strike 0-1: Ball 1-1: Ball 2-1: Called Strike 2-2: Ball 3-2: Ground out 6-3 (Groundball, 6, EV 105.6 MPH)
|
Batting: LHB Mario Anguiano
|
0-0: Called Strike 0-1: Ball 1-1: Ball 2-1: Ball 3-1: Base on Balls
|
Batting: RHB Juan Rosa
|
0-0: Fly out, F5 (Line Drive, 5, EV 67.5 MPH)
|
Batting: LHB Spencer Palmer
|
0-0: Foul Ball, location: 2F 0-1: Foul Ball, location: 2F 0-2: DOUBLE (Line Drive, 78M, EV 115.0 MPH) Mario Anguiano to third Runner from 3rd tries for Home, SAFE, throw by LF to home
|
Batting: LHB Griffin Ferris
|
0-0: Ball 1-0: SINGLE (Line Drive, 34D, EV 109.4 MPH) Spencer Palmer to third
|
Batting: RHB Dean LeCroy
|
0-0: Foul Ball, location: 2F 0-1: Foul Ball, location: 2F 0-2: Foul Ball, location: 2F 0-2: Foul Ball, location: 2F 0-2: Fly out, F6 (Flyball, 6D, EV 93.1 MPH)
|
Bottom of the 4th over - 1 run, 2 hits, 0 errors, 2 left on base; Houston 2 - Portland 1 |
TOP OF THE 5TH |
Houston Colt .45's batting - Pitching for Portland Angels : RHP Hector Carrizales
|
Batting: RHB Sean Mounts
|
0-0: Called Strike 0-1: Ball 1-1: Ball 2-1: Ball 3-1: Foul Ball, location: 2F 3-2: Base on Balls
|
Batting: LHB Jackson Trottier
|
0-0: Ball 1-0: Ball 2-0: Ball 3-0: Base on Balls Sean Mounts to second
|
Pitching: RHP Adam Hefner
|
|
Batting: RHB To-wai Chen
|
0-0: Called Strike 0-1: Ball 1-1: Ground out 5-3 (Groundball, 56S, EV 65.0 MPH) Sean Mounts to third Jackson Trottier to second
|
Batting: RHB Keith Goodwin
|
0-0: Ball 1-0: Ball 2-0: Foul Ball, location: 2F 2-1: Ball 3-1: Called Strike 3-2: Base on Balls
|
Batting: RHB Gabe Allen
|
0-0: Ball 1-0: Swinging Strike 1-1: Foul Ball, location: 2F 1-2: Foul Ball, location: 2F 1-2: Strikes out swinging
|
Batting: SHB Miguel Sierra
|
0-0: Called Strike 0-1: Ball 1-1: Foul Ball, location: 2F 1-2: Foul Ball, location: 2F 1-2: Ball 2-2: Foul Ball, location: 2F 2-2: SINGLE (Groundball, 56D, EV 94.4 MPH) Sean Mounts scores Jackson Trottier to third Keith Goodwin to second Runner from 3rd tries for Home, SAFE, throw by LF to home
|
Pitching: RHP Manuel Vega
|
|
Batting: LHB Lou Toth
|
0-0: Ball 1-0: Ball 2-0: Ball 3-0: Called Strike 3-1: Base on Balls Keith Goodwin to third Miguel Sierra to second
|
Batting: LHB Bob Dietz
|
0-0: Called Strike 0-1: Ball 1-1: DOUBLE (Flyball, 89D, EV 105.6 MPH) Keith Goodwin scores Miguel Sierra scores Lou Toth to third Runner from 3rd tries for Home, SAFE, throw by CF to trailing runner, SAFE at third!
|
Batting: RHB Juan Mendoza
|
0-0: Ball Wild Pitch! Bob Dietz scores 1-0: Ball 2-0: Foul Ball, location: 2F 2-1: Foul Ball, location: 2F 2-2: Strikes out swinging
|
Top of the 5th over - 6 runs, 2 hits, 0 errors, 0 left on base; Houston 8 - Portland 1 |
BOTTOM OF THE 5TH |
Portland Angels batting - Pitching for Houston Colt .45's : RHP Greg Otto
|
Batting: LHB Mark Reeg
|
0-0: Ball 1-0: Called Strike 1-1: Ball 2-1: Ball 3-1: Base on Balls
|
Batting: SHB Danny Gelinas
|
0-0: Called Strike 0-1: Ball 1-1: Swinging Strike 1-2: Strikes out swinging
|
Batting: RHB Dan Burkhart
|
0-0: Called Strike 0-1: Ball 1-1: Ball 2-1: Foul Ball, location: 2F 2-2: Ball Mark Reeg steals 2nd base (no throw) 3-2: Fly out, F7 (Flyball, 78S, EV 89.4 MPH)
|
Batting: RHB Edward Hillock
|
0-0: Ball 1-0: Ball 2-0: Ball 3-0: Called Strike Balk! Mark Reeg to third 3-1: Swinging Strike 3-2: Base on Balls
|
Batting: LHB Mario Anguiano
|
0-0: Ball 1-0: Called Strike 1-1: Ground out 4-3 (Groundball, 34, EV 108.8 MPH)
|
Bottom of the 5th over - 0 runs, 0 hits, 0 errors, 2 left on base; Houston 8 - Portland 1 |
TOP OF THE 6TH |
Houston Colt .45's batting - Pitching for Portland Angels : RHP Manuel Vega
|
Batting: RHB Sean Mounts
|
0-0: Foul Ball, location: 9LSF, Error on foul ball, E9 0-1: Ground out 5-3 (Groundball, 56, EV 82.5 MPH)
|
Batting: LHB Jackson Trottier
|
0-0: Fly out, F7 (Flyball, 7LS, EV 81.3 MPH)
|
Batting: RHB To-wai Chen
|
0-0: Ball 1-0: Ball 2-0: DOUBLE (Line Drive, 3D, EV 95.0 MPH)
|
Pitching: RHP Eli Mercedes
|
|
Batting: RHB Keith Goodwin
|
0-0: Called Strike 0-1: Fly out, F8 (Flyball, 8LM, EV 86.9 MPH)
|
Top of the 6th over - 0 runs, 1 hit, 1 error, 1 left on base; Houston 8 - Portland 1 |
BOTTOM OF THE 6TH |
Portland Angels batting - Pitching for Houston Colt .45's : RHP Greg Otto
|
Batting: RHB Juan Rosa
|
0-0: Ball 1-0: Foul Ball, location: 2F 1-1: Ball 2-1: Ground out 6-3 (Groundball, 6, EV 93.1 MPH)
|
Batting: LHB Spencer Palmer
|
0-0: Ball 1-0: Called Strike 1-1: Foul Ball, location: 2F 1-2: Foul Ball, location: 2F 1-2: Foul Ball, location: 2F 1-2: Reached on error, E5 (Groundball, 56S, EV 81.9 MPH)
|
Batting: LHB Griffin Ferris
|
0-0: SINGLE (Groundball, 6D, EV 105.6 MPH) Spencer Palmer to second
|
Batting: RHB Dean LeCroy
|
0-0: Ball 1-0: Foul Ball, location: 2F 1-1: Foul Ball, location: 2F 1-2: Ball 2-2: Foul Ball, location: 2F 2-2: Ball 3-2: Base on Balls Spencer Palmer to third Griffin Ferris to second
|
Batting: LHB Mark Reeg
|
0-0: Ball 1-0: Ball 2-0: Swinging Strike 2-1: SINGLE (Groundball, 4, EV 100.0 MPH) Spencer Palmer scores Griffin Ferris to third Dean LeCroy to second Runner from 3rd tries for Home, SAFE, throw by CF to home
|
Batting: SHB Danny Gelinas
|
0-0: Swinging Strike 0-1: Foul Ball, location: 2F 0-2: Fly out, F8 (Flyball, 8RXD, EV 86.3 MPH) Runner from 2nd tags up, SAFE at 3rd, no throw by CF
|
Batting: RHB Dan Burkhart
|
0-0: Called Strike 0-1: Ball 1-1: Ball 2-1: Swinging Strike 2-2: Foul Ball, location: 2F 2-2: Ball 3-2: Base on Balls Mark Reeg to second
|
Batting: RHB Edward Hillock
|
0-0: Swinging Strike 0-1: Called Strike 0-2: Strikes out swinging
|
Bottom of the 6th over - 2 runs, 2 hits, 1 error, 3 left on base; Houston 8 - Portland 3 |
TOP OF THE 7TH |
Houston Colt .45's batting - Pitching for Portland Angels : RHP Eli Mercedes
|
Batting: RHB Gabe Allen
|
0-0: Ball 1-0: Foul Ball, location: 2F 1-1: Swinging Strike 1-2: Strikes out swinging
|
Batting: SHB Miguel Sierra
|
0-0: Swinging Strike 0-1: SINGLE (Groundball, 4MD, EV 106.9 MPH)
|
Batting: LHB Lou Toth
|
0-0: Ball 1-0: Called Strike 1-1: Called Strike 1-2: SINGLE (Groundball, 6MD, EV 100.6 MPH) Miguel Sierra to second Runner from 2nd tries for 3rd, SAFE, throw by CF made to third
|
Batting: LHB Bob Dietz
|
0-0: Called Strike 0-1: Ball 1-1: Ball 2-1: Foul Ball, location: 2F 2-2: Ball 3-2: Foul Ball, location: 2F 3-2: Fielders Choice at 2nd, 4-6 (Groundball, 4, EV 80.0 MPH) Miguel Sierra scores
|
Batting: RHB Juan Mendoza
|
0-0: Called Strike Bob Dietz is caught stealing 2nd base 2-4
|
Top of the 7th over - 1 run, 2 hits, 0 errors, 0 left on base; Houston 9 - Portland 3 |
BOTTOM OF THE 7TH |
Portland Angels batting - Pitching for Houston Colt .45's : RHP Greg Otto
|
Batting: LHB Mario Anguiano
|
0-0: Ball 1-0: Foul Ball, location: 2F 1-1: Ball 2-1: Called Strike 2-2: Foul Ball, location: 2F 2-2: Ball 3-2: Foul Ball, location: 2F 3-2: SINGLE (Line Drive, 78M, EV 103.8 MPH)
|
Batting: RHB Juan Rosa
|
0-0: Ball 1-0: Ball 2-0: Called Strike 2-1: Ball 3-1: Base on Balls Mario Anguiano to second
|
Batting: LHB Spencer Palmer
|
0-0: Ball 1-0: Called Strike 1-1: Ball 2-1: Ball 3-1: Foul Ball, location: 2F 3-2: Foul Ball, location: 2F 3-2: Base on Balls Mario Anguiano to third Juan Rosa to second
|
Batting: LHB Griffin Ferris
|
0-0: Ball 1-0: Swinging Strike 1-1: Foul Ball, location: 2F 1-2: Fielders Choice at 2nd, 4-6 (Groundball, 34, EV 91.9 MPH) Mario Anguiano scores Juan Rosa to third
|
Batting: RHB Dean LeCroy
|
0-0: Ball 1-0: Ball 2-0: Called Strike 2-1: Ball 3-1: Swinging Strike 3-2: Base on Balls Griffin Ferris to second
|
Batting: LHB Mark Reeg
|
0-0: Called Strike 0-1: Ball 1-1: Called Strike 1-2: Fly out, F5 (Line Drive, 5, EV 61.9 MPH)
|
Batting: SHB Danny Gelinas
|
0-0: Swinging Strike 0-1: Called Strike 0-2: Ball 1-2: Ball 2-2: Foul Ball, location: 2F 2-2: Foul Ball, location: 2F 2-2: SINGLE (Flyball, 3D, EV 85.6 MPH) Juan Rosa scores Griffin Ferris to third Dean LeCroy to second Runner from 3rd tries for Home, SAFE, throw by RF to home
|
Pitching: RHP Mike Wirick
|
|
Now at 2B: Jarno van Lente
|
|
Now at SS: Keith Goodwin
|
|
Now in RF: Bob Dietz
|
|
Batting: RHB Dan Burkhart
|
0-0: Called Strike 0-1: Fly out, F8 (Flyball, 8RM, EV 93.1 MPH)
|
Bottom of the 7th over - 3 runs, 2 hits, 0 errors, 2 left on base; Houston 9 - Portland 6 |
TOP OF THE 8TH |
Houston Colt .45's batting - Pitching for Portland Angels : RHP Eli Mercedes
|
Batting: RHB Juan Mendoza
|
0-0: Ground out 6-3 (Groundball, 6, EV 81.9 MPH)
|
Batting: RHB Sean Mounts
|
0-0: Ball 1-0: Ball 2-0: Called Strike 2-1: Ball 3-1: Base on Balls
|
Batting: RHB Jarno van Lente
|
0-0: Ball 1-0: Ball 2-0: Foul Ball, location: 2F 2-1: TRIPLE (Line Drive, 89XD, EV 107.5 MPH) Sean Mounts scores
|
Batting: RHB To-wai Chen
|
0-0: Foul Ball, location: 2F 0-1: SINGLE (Groundball, 56S, EV 64.4 MPH) (infield hit) Jarno van Lente scores
|
Batting: RHB Keith Goodwin
|
0-0: Swinging Strike 0-1: Fly out, F7 (Flyball, 78M, EV 86.9 MPH)
|
Batting: RHB Gabe Allen
|
0-0: Ball 1-0: Ball 2-0: Ball 3-0: Fielders Choice at 2nd, 5-4 (Groundball, 56, EV 92.5 MPH)
|
Top of the 8th over - 2 runs, 2 hits, 0 errors, 1 left on base; Houston 11 - Portland 6 |
BOTTOM OF THE 8TH |
Portland Angels batting - Pitching for Houston Colt .45's : RHP Mike Wirick
|
Batting: RHB Edward Hillock
|
0-0: Called Strike 0-1: Ball 1-1: Foul Ball, location: 2F 1-2: Ball 2-2: Strikes out swinging
|
Batting: LHB Mario Anguiano
|
0-0: Fly out, F8 (Flyball, 8RM, EV 92.5 MPH)
|
Batting: RHB Juan Rosa
|
0-0: Ball 1-0: Ball 2-0: Ball 3-0: Called Strike 3-1: Base on Balls
|
Batting: LHB Spencer Palmer
|
0-0: Called Strike 0-1: Foul Ball, location: 2F 0-2: Foul Ball, location: 2F 0-2: Strikes out swinging
|
Bottom of the 8th over - 0 runs, 0 hits, 0 errors, 1 left on base; Houston 11 - Portland 6 |
TOP OF THE 9TH |
Houston Colt .45's batting - Pitching for Portland Angels : RHP Eli Mercedes
|
Batting: SHB Miguel Sierra
|
0-0: Fly out, F5 (Line Drive, 5, EV 63.1 MPH)
|
Batting: LHB Lou Toth
|
0-0: Foul Ball, location: 2F 0-1: Called Strike 0-2: Foul Ball, location: 2F 0-2: Ball 1-2: Ball 2-2: Ball 3-2: Base on Balls
|
Batting: LHB Bob Dietz
|
0-0: Foul Ball, location: 2F 0-1: Called Strike 0-2: Fielders Choice at 2nd, 4-6 (Groundball, 4, EV 98.8 MPH)
|
Batting: RHB Juan Mendoza
|
0-0: Ball Bob Dietz steals 2nd base 1-0: 2-RUN HOME RUN (Flyball, 7D, EV 92.5 MPH), Distance : 350 ft
|
Batting: RHB Sean Mounts
|
0-0: Ground out 6-3 (Groundball, 6, EV 86.9 MPH)
|
Top of the 9th over - 2 runs, 1 hit, 0 errors, 0 left on base; Houston 13 - Portland 6 |
BOTTOM OF THE 9TH |
Portland Angels batting - Pitching for Houston Colt .45's : RHP Mike Wirick
|
Batting: LHB Griffin Ferris
|
0-0: Ball 1-0: Foul Ball, location: 2F 1-1: Called Strike 1-2: Ball 2-2: Foul Ball, location: 2F 2-2: Fly out, F8 (Line Drive, 8RM, EV 101.9 MPH)
|
Pinch Hitting: LHB Edgar van der Meeren
|
0-0: Swinging Strike 0-1: Ball 1-1: Called Strike 1-2: Foul Ball, location: 2F 1-2: Ball 2-2: Ball 3-2: Base on Balls
|
Batting: LHB Mark Reeg
|
0-0: Foul Ball, location: 2F 0-1: Called Strike 0-2: Ball 1-2: Strikes out swinging
|
Pinch Hitting: RHB Khalil Thurston
|
0-0: Called Strike 0-1: Ball 1-1: Ball 2-1: Fly out, F7 (Flyball, 7D, EV 91.3 MPH)
|
Bottom of the 9th over - 0 runs, 0 hits, 0 errors, 1 left on base; Houston 13 - Portland 6 |
|